 Dungeon Crawl Stone Soup version 0.30-a0-313-gae38170b09 (webtiles) character file.

Game seed: 16578788998401149712

5725 MTVSty1e the Severer (level 10, -16/79 (83) HPs)
             Began as a Minotaur Fighter on Oct 26, 2022.
             Was a High Priest of Okawaru.
             Killed from afar by a revenant (32 damage)
             ... with a ghostly fireball
             ... on level 3 of the Abyss.
             The game lasted 00:13:25 (8240 turns).

MTVSty1e the Severer (Minotaur Fighter)             Turns: 8240, Time: 00:13:26

HP:   -16/79 (83)   AC: 13    Str: 26    XL:     10   Next: 48%
MP:   6/8           EV: 13    Int:  5    God:    Okawaru [*****.]
Gold: 365           SH:  6    Dex: 17    Spells: 9/9 levels left

rFire   . . .      SeeInvis .    y - +1 broad axe
rCold   + . .      Faith    .    c - +0 buckler
rNeg    . . .      Spirit   .    s - +2 ring mail {rC+}
rPois   .          Reflect  .    F - +0 hat
rElec   .          Harm     .    (no cloak)
rCorr   .          Rampage  .    h - +2 pair of gloves
Will    .....                    t - +0 pair of boots
Stlth   +++.......               (no amulet)
HPRegen 0.00/turn                v - +6 ring of dexterity
MPRegen 0.11/turn                (no ring)

@: mighty, heroic, sick, lightly drained
A: horns 2, retaliatory headbutt, hooves 1, thin skeletal structure 1, low MP 1,
regeneration 1
a: Renounce Religion, Heroism, Finesse, Duel


You were on level 3 of the Abyss.
You worshipped Okawaru.
Okawaru was extremely pleased with you.
You visited 2 branches of the dungeon, and saw 10 of its levels.
You visited the Abyss 1 time.

You collected 455 gold pieces.
You spent 90 gold pieces at shops.

Inventory:

Hand Weapons
 y - a +1 broad axe (weapon)
Armour
 a - a scarf of harm
 c - a +0 buckler (worn)
 h - a +2 pair of gloves (worn)
 s - a +2 ring mail of cold resistance (worn)
 t - a +0 pair of boots (worn)
 z - a +3 ring mail of poison resistance
 F - a +0 hat (worn)
Jewellery
 v - a +6 ring of dexterity (left hand)
 D - an amulet of magic regeneration
Wands
 w - a wand of flame (56)
 A - a wand of paralysis (10)
 B - a wand of digging (7)
 C - a wand of roots (21)
 E - a wand of light (4)
 I - a wand of mindburst (17)
Scrolls
 b - a scroll of summoning
 e - a scroll of silence
 n - 2 scrolls of enchant armour
 o - 2 scrolls of fear
 p - 2 scrolls of enchant weapon
 r - 2 scrolls of immolation
 u - 2 scrolls of teleportation
 x - a scroll of magic mapping
Potions
 d - 2 potions of might
 f - a potion of cancellation {unknown}
 g - 5 potions of curing
 i - 2 potions of berserk rage {unknown}
 k - 2 potions of degeneration {unknown}
 l - 2 potions of haste
 m - 2 potions of resistance {unknown}
 q - 3 potions of mutation
 J - a potion of attraction {unknown}


   Skills:
 - Level 6.2(11.2) Fighting
 * Level 17.7(22.7) Axes
 - Level 3.6(8.6) Armour
 - Level 3.6(8.6) Shields


You had 9 spell levels left.
You didn't know any spells.
Your spell library contained the following spells:

 Spells                   Type           Power      Damage    Failure   Level
 Freeze                   Ice            0%         1d3       67%         1
 Necrotise                Necr           0%         1d4       67%         1
 Frozen Ramparts          Ice            0%         1d1       95%         3
 Hailstorm                Conj/Ice       0%         3d3       95%         3
 Inner Flame              Hex/Fire       0%         N/A       95%         3
 Vampiric Draining        Necr           0%         2d6       95%         3
 Cause Fear               Hex            0%         N/A       100%        4
 Agony                    Necr           0%         N/A       100%        5
 Borgnjor's Vile Clutch   Necr/Erth      0%         N/A       100%        5
 Discord                  Hex            0%         N/A       100%        8
 Animate Dead             Necr           Unusable   N/A       N/A         4
 Death Channel            Necr           Unusable   N/A       N/A         6

Dungeon Overview and Level Annotations

Branches:
Dungeon (9/15)             Temple (1/1) D:4
   Lair: D:8-11         Orc: D:9-12

Altars:
Ashenzari
Cheibriados
Dithmenos
Elyvilon
Fedhas
Gozag
Hepliaklqana
Kikubaaqudgha
Makhleb
Nemelex Xobeh
Okawaru
Qazlal
Ru
Sif Muna
Trog
Uskayaw
Vehumet
Wu Jian
Xom
Yredelemnul
Zin
The Shining One

Shops:
D:1 *   D:6 =

Annotations:
D:9 Erolcha


Innate Abilities, Weirdness & Mutations

You have a pair of horns on your head.
You reflexively headbutt those who attack you in melee.
You have large cloven feet.
You have a somewhat thin skeletal structure. (Dex +2, Stealth+)
Your magical capacity is low. (-10% MP)
Your natural rate of healing is unusually fast.


Message History

The white imp is moderately wounded.
You slash the white imp!
The white imp is almost dead.
The white imp hits you but does no damage.
You slice the white imp!!
You kill the white imp!
Okawaru accepts your kill.
You feel ill.
Okay, then.
The ancient zyme barely misses you. The ancient zyme hits you.
You feel very mighty all of a sudden.
The ancient zyme hits you but does no damage.
The ancient zyme barely misses you. You block the revenant's attack.
You slash the revenant! Your headbutt misses the revenant.
The revenant is lightly damaged.
You hit the ancient zyme. You barely miss the revenant.
The revenant is lightly damaged.
You hit the ancient zyme.
The ancient zyme hits you but does no damage.
The ancient zyme hits you! The revenant hits you!
You slash the revenant!
The revenant is moderately damaged.
You slash the ancient zyme! The ancient zyme hits you!
You block the ancient zyme's attack. The revenant hits you!!
You slash the revenant!
The revenant is heavily damaged.
You slice the ancient zyme!! The ancient zyme barely misses you.
You furiously retaliate!
You headbutt the ancient zyme!
You destroy the ancient zyme!
Okawaru accepts your kill.
You can now enter into single combat with a foe.
Okawaru will now gift you equipment as you gain piety.
The revenant hits you!
* * * LOW HITPOINT WARNING * * *
You gain the combat prowess of a mighty hero.
The revenant lashes out with ghostly flames.
The ghostly flame explodes!
The ghostly fireball engulfs you!!
You feel drained.
You die...

#. #....# .## .#
#....# ..# #. #....#
.#.######....# ##
##..#......#....#...
#.......# .'....'# #
#.# ###.###....# #
#... .#. .#.@z.# #.
#.#......#'### ##
.........#.. .#
#.... ###'# # #
###.## ... ### ...
.... ...


You could see a revenant.

Vanquished Creatures
  A deep elf demonologist (Abyss:3)
  A thrashing horror (Abyss:3)
  Pikel (D:9)
  Joseph (D:7)
  A demonic crawler (Abyss:3)
  An ancient zyme (Abyss:3)
  A troll (D:9)
  A wyvern (D:8)
  Grum (D:9)
  3 hell hounds (Abyss:3)
  A water moccasin (D:6)
  An orc warrior (D:8)
  An ice beast (D:6)
  2 wolves (D:9)
  An ogre (D:5)
  3 centaurs
  A lemure (D:9)
  2 phantoms
  A kobold brigand (D:5)
  2 necrophages
  2 scorpions
  2 bullfrogs
  4 wights (D:9)
  4 howler monkeys
  5 hounds
  2 jellies
  A gnoll bouda (D:9)
  An iguana (D:5)
  2 orc wizards
  10 adders
  11 gnolls
  A shadow imp (D:8)
  3 white imps
  4 ufetubi
  2 dart slugs
  9 orcs
  7 ball pythons
  4 endoplasms
  4 giant cockroaches
  5 goblins
  11 hobgoblins
  5 jackals
  12 kobolds
  3 quokkas
  2 bats
  3 frilled lizards (D:1)
  2 rats
148 creatures vanquished.

Notes
Turn   | Place    | Note
-------+----------+-------------------------------------------
     0 | D:1      | MTVSty1e the Minotaur Fighter began the quest for the Orb.
     0 | D:1      | Reached XP level 1. HP: 19/19 MP: 0/0
    90 | D:1      | Found Xaxanupte's General Store.
   298 | D:1      | Reached skill level 3 in Axes
   392 | D:1      | Reached XP level 2. HP: 24/27 MP: 1/1
  1032 | D:2      | Reached XP level 3. HP: 33/33 MP: 2/2
  1053 | D:2      | Reached skill level 4 in Axes
  1228 | D:2      | Found a bloodstained altar of Trog.
  1441 | D:3      | Reached XP level 4. HP: 41/41 MP: 3/3
  1590 | D:3      | Reached skill level 5 in Axes
  2086 | D:4      | Reached skill level 5 in Fighting
  2086 | D:4      | Reached XP level 5. HP: 47/48 MP: 4/4
  2294 | D:4      | Found a staircase to the Ecumenical Temple.
  2305 | D:4      | Reached skill level 6 in Axes
  2313 | D:4      | Reached XP level 6. HP: 51/56 MP: 5/5
  2315 | Temple   | Entered the Ecumenical Temple
  2339 | Temple   | Became a worshipper of Warmaster Okawaru
  2988 | D:5      | Entered Level 5 of the Dungeon
  2996 | D:5      | Reached skill level 7 in Axes
  3224 | D:5      | Reached skill level 8 in Axes
  3224 | D:5      | Reached XP level 7. HP: 45/63 MP: 6/6
  3547 | D:5      | Identified a scroll of acquirement
  3547 | D:5      | Acquired a scarf of harm
  3588 | D:5      | Reached * piety under Okawaru
  3634 | D:5      | Reached skill level 9 in Axes
  4529 | D:6      | Reached skill level 10 in Axes
  4596 | D:6      | Reached XP level 8. HP: 50/70 MP: 7/7
  4725 | D:6      | Found Cuwot's Jewellery Shoppe.
  4734 | D:6      | Reached ** piety under Okawaru
  5019 | D:6      | Found a shimmering blue altar of Sif Muna.
  5080 | D:6      | Found a stormy altar of Qazlal.
  5537 | D:7      | Reached skill level 11 in Axes
  5583 | D:7      | Noticed Joseph
  5598 | D:7      | Killed Joseph
  5599 | D:7      | Reached skill level 12 in Axes
  5935 | D:7      | Gained mutation: Your spells are a little easier to cast,
                  | but a little less powerful. [potion of mutation]
  5935 | D:7      | Gained mutation: You passively dampen the noise of your
                  | surroundings. [potion of mutation]
  5935 | D:7      | Gained mutation: You have large cloven feet. [potion of
                  | mutation]
  5935 | D:7      | Gained mutation: You possess an exceptional clarity of
                  | mind. [potion of mutation]
  5936 | D:7      | Lost mutation: You passively dampen the noise of your
                  | surroundings. [potion of mutation]
  5936 | D:7      | Lost mutation: You possess an exceptional clarity of mind.
                  | [potion of mutation]
  5936 | D:7      | Lost mutation: Your spells are a little easier to cast, but
                  | a little less powerful. [potion of mutation]
  5936 | D:7      | Gained mutation: Your magical capacity is low. (-10% MP)
                  | [potion of mutation]
  5936 | D:7      | Gained mutation: Your body sometimes deteriorates upon
                  | taking damage. [potion of mutation]
  5936 | D:7      | Gained mutation: You have hidden genetic potential. [potion
                  | of mutation]
  5936 | D:7      | Gained mutation: Your natural rate of healing is unusually
                  | fast. [potion of mutation]
  5937 | D:7      | Lost mutation: You have hidden genetic potential. [potion
                  | of mutation]
  5937 | D:7      | Lost mutation: Your body sometimes deteriorates upon taking
                  | damage. [potion of mutation]
  5937 | D:7      | Gained mutation: You have a somewhat thin skeletal
                  | structure. (Dex +2, Stealth+) [potion of mutation]
  5945 | D:7      | Found a snail-covered altar of Cheibriados.
  6267 | D:7      | Found a shadowy altar of Dithmenos.
  6709 | D:8      | Found a radiant altar of Vehumet.
  6725 | D:8      | Reached skill level 13 in Axes
  6732 | D:8      | Reached XP level 9. HP: 55/75 MP: 7/7
  6781 | D:8      | Found Zin's Purification Station.
  6782 | D:8      | Found a glowing silver altar of Zin.
  6787 | D:8      | Bought a potion of curing for 90 gold pieces
  6833 | D:8      | Found the dreamshard necklace {*Dream Drain}
  7198 | D:9      | Noticed Pikel
  7208 | D:9      | Killed Pikel
  7208 | D:9      | Reached *** piety under Okawaru
  7209 | D:9      | Reached skill level 14 in Axes
  7346 | D:9      | Noticed Grum
  7365 | D:9      | Killed Grum
  7366 | D:9      | Reached skill level 15 in Axes
  7532 | D:9      | Noticed a troll
  7754 | D:9      | Killed a troll
  7893 | D:9      | Noticed Erolcha
  7905 | D:9      | Reached **** piety under Okawaru
  7905 | Abyss:2  | Cast into level 2 of the Abyss (Erolcha)
  7925 | Abyss:2  | Noticed a hellwing
  7936 | Abyss:2  | Noticed an efreet
  7938 | Abyss:2  | Noticed a large abomination
  7969 | Abyss:2  | Noticed a white very ugly thing
  7969 | Abyss:2  | Noticed an efreet
  8013 | Abyss:3  | Noticed a thrashing horror
  8033 | Abyss:3  | Found a corrupted altar of Lugonu.
  8043 | Abyss:3  | Noticed a thrashing horror
  8054 | Abyss:3  | Noticed a demonic crawler
  8055 | Abyss:3  | Killed a thrashing horror
  8056 | Abyss:3  | Reached skill level 16 in Axes
  8056 | Abyss:3  | Reached XP level 10. HP: 80/83 MP: 5/8
  8068 | Abyss:3  | Noticed a large abomination
  8071 | Abyss:3  | Noticed an Executioner
  8091 | Abyss:3  | Noticed a large abomination
  8092 | Abyss:3  | HP: 2/83 [large abomination[an Executioner] (22)]
  8107 | Abyss:3  | Found a corrupted altar of Lugonu.
  8176 | Abyss:3  | Noticed a deep elf demonologist
  8180 | Abyss:3  | Noticed a Brimstone Fiend
  8180 | Abyss:3  | Killed a deep elf demonologist
  8181 | Abyss:3  | Reached skill level 17 in Axes
  8230 | Abyss:3  | Noticed a revenant
  8239 | Abyss:3  | Reached ***** piety under Okawaru
  8240 | Abyss:3  | Killed from afar by a revenant

Illustrated notes

Levels and vault maps discovered:
D:1:      nzn_arrival_crosshair, layout_basic, serial_shops, shop, st_stairs_8,
          minmay_pentomino_w2
D:2:      layout_rooms, basic_altar
D:3:      layout_basic
D:4:      layout_basic, minmay_temple_entry_waves
D:5:      layout_loops_cross, st_stairs_2
D:6:      layout_rooms, nicolae_qazlal_eye_of_the_storm,
          mainiacjoe_overflow_alcove_2, serial_rivers,
          chequers_serial_rivers_large_a, chequers_serial_rivers_room_a,
          chequers_serial_rivers_small_3, chequers_serial_rivers_room_b,
          chequers_serial_rivers_small_3, chequers_serial_rivers_small_3,
          serial_shops, shop
D:7:      layout_basic, mainiacjoe_overflow_24_doors, lemuel_doored_altar,
          uniq_joseph
D:8:      layout_cave_pools, zin_purify, vehumet_altar_wand_db,
          minmay_stone_trees_small
D:9:      layout_roguey, uniq_grum, uniq_erolcha, uniq_pikel
Temple:   nicolae_temple_slightly_damp_pantheon
Abyss:3:  base: D:9, base: D:9, minivault_19, spicy_abyss_helpful_harpoons,
          abyss_furniture_001, abyss_furniture_001

Skill      XL: |  1  2  3  4  5  6  7  8  9 10 |
---------------+-------------------------------+-----
Axes           | 3 4 5 6 8 10 13 16 17 | 17.7
Fighting       | 4 5 6 |  6.2
Armour         | |  3.6
Shields        | |  3.6

Action                   |  1- 3 |  4- 6 |  7- 9 | 10-12 || total
-------------------------+-------+-------+-------+-------++-------
Melee: War axe           |    72 |    85 |     8 |       ||   165
       Headbutt          |     7 |    11 |    35 |     5 ||    58
       Broad axe         |       |       |   172 |    24 ||   196
Invok: Heroism           |       |       |     2 |     1 ||     3
  Use: Scroll            |       |       |    17 |     1 ||    18
       Potion            |       |       |     3 |     5 ||     8
Armor: Scale mail        |    34 |     9 |       |       ||    43
       Ring mail         |       |    26 |    68 |    14 ||   108
Dodge: Dodged            |    38 |    44 |   100 |    15 ||   197
Block: Buckler           |    15 |    27 |    41 |    14 ||    97

Table legend: (Time is in decaauts)
 A = Elapsed time spent in this place.
 B = Non-inter-level travel time spent in this place.
 C = Inter-level travel time spent in this place.
 D = Time resting spent in this place.
 E = Time spent auto-exploring this place.
 F = Levels seen in this place.
 G = Mean time per level.
                   A        B        C        D        E       F      G
               +--------+--------+--------+--------+--------+-----+--------+
         Total |   8262 |   7985 |    277 |   1774 |   4959 |  12 |  688.5 |
       Dungeon |   7762 |   7503 |    259 |   1735 |   4796 |   9 |  862.4 |
        Temple |    201 |    183 |     18 |      0 |    163 |   1 |  201.0 |
         Abyss |    297 |    297 |      0 |     39 |      0 |   2 |  148.5 |
               +--------+--------+--------+--------+--------+-----+--------+

Top non-repeatable levels by time:
     D:5: 1430 daAuts
     D:7: 1096 daAuts
     D:4: 1038 daAuts
     D:6: 1037 daAuts
     D:1: 1026 daAuts
     D:9: 735 daAuts
     D:8: 545 daAuts
     D:3: 458 daAuts
     D:2: 394 daAuts
  Temple: 201 daAuts
 Abyss:3: 201 daAuts
 Abyss:2: 96 daAuts
